 Dungeon Crawl Stone Soup version 0.30-a0-1085-g990a428a5c (webtiles) character file.

Game seed: 5706809351753567750

539 NateTC the Shield-Bearer (level 7, -3/44 HPs)
             Began as a Gargoyle Fighter on Apr 16, 2023.
             Was an Initiate of Okawaru.
             Slain by a troll (13 damage)
             ... on level 5 of the Dungeon.
             The game lasted 00:06:04 (4296 turns).

NateTC the Shield-Bearer (Gargoyle Fighter)         Turns: 4296, Time: 00:06:05

Health: -3/44      AC: 20    Str: 21    XL:     7   Next: 26%
Magic:  7/7        EV:  6    Int:  9    God:    Okawaru [......]
Gold:   166        SH:  4    Dex:  9    Spells: 6/6 levels left

rFire   . . .      SeeInvis .    a - +5 flail (holy)
rCold   . . .      Faith    .    c - +0 buckler
rNeg    + . .      Spirit   .    f - +0 plate armour
rPois   ∞          Reflect  .    n - +1 helmet
rElec   +          Rampage  .    (no cloak)
rCorr   .                        m - +0 pair of gloves
Will    .....                    (no boots) Stlth
                                 (no amulet)
HPRegen 0.27/turn                (no ring)
MPRegen 0.10/turn                (no ring)

@: no status effects
A: sickness immunity, AC +4, negative energy resistance 1, electricity
resistance, torment resistance 1, petrification resistance
a: Renounce Religion


You were on level 5 of the Dungeon.
You worshipped Okawaru.
Okawaru was noncommittal.
You visited 2 branches of the dungeon, and saw 6 of its levels.

You collected 166 gold pieces.

Inventory:

Hand Weapons
 a - a +5 flail of holy wrath (weapon)
Armour
 c - a +0 buckler (worn)
 f - a +0 plate armour (worn)
 m - a +0 pair of gloves (worn)
 n - a +1 helmet (worn)
Jewellery
 b - an amulet of magic regeneration
 o - a +6 ring of intelligence
Potions
 g - a potion of brilliance {unknown}
 h - a potion of haste {unknown}
 i - 3 potions of mutation {unknown}
 k - a potion of invisibility {unknown}
 l - a potion of heal wounds {unknown}


   Skills:
 - Level 4.9 Fighting
 * Level 4.2 Maces & Flails
 + Level 4.8 Armour
 + Level 1.3 Dodging
 + Level 5.4 Shields


You had 6 spell levels left.
You didn't know any spells.
Your spell library contained the following spells:

 Spells                   Type           Power      Damage    Failure   Level
 Sting                    Tmut/Pois      0%         1d3       100%        1
 Poisonous Vapours        Pois/Air       0%         N/A       100%        2
 Olgreb's Toxic Radiance  Pois           0%         N/A       100%        4


Dungeon Overview and Level Annotations

Branches:
Dungeon (5/15) Zot: 26346  Temple (1/1) D:5 Zot: 5260

Altars:
Ashenzari
Cheibriados
Dithmenos
Elyvilon
Fedhas
Gozag
Hepliaklqana
Kikubaaqudgha
Makhleb
Nemelex Xobeh
Okawaru
Qazlal
Ru
Sif Muna
Trog
Vehumet
Wu Jian
Xom
Yredelemnul
Zin
The Shining One

Shops:
D:1 !   D:2 (


Innate Abilities, Weirdness & Mutations

You are immune to sickness and miasma.
Your stone body is resilient. (AC +4)
You are immune to poison.
You resist negative energy. (rN+)
You are resistant to electric shocks. (rElec)
You are resistant to unholy torment.
You are immune to petrification.


Message History

Done exploring.
Search for what [Enter for "mace", or ? for help]? altar You open the door.
There is an open door here.
You open the door.
There is an open door here.
There is a sparkling altar of Nemelex Xobeh here.
There is an iron altar of Okawaru here.
You kneel at the altar of Okawaru.
Okawaru welcomes you!
(D) Dungeon (T) Temple
Where to? (Enter - Temple @ (x,y), ? - help)
There is an open door here.
There is an open door here.
You see here a +0 dagger.
There is a staircase back to the Dungeon here.
You climb upwards.
Welcome back to the Dungeon!
You hear the sound of rushing water.
There is an entrance to a sewer on this level.
Hurry and find it before the portal rusts away!
The walls and floor vibrate strangely for a moment.
The troll bites you but does no damage. The troll barely misses you.
The troll claws you but does no damage.
There is a staircase to the Ecumenical Temple here.
You hit the troll.
The troll is lightly wounded.
The troll bites you.
The troll claws you but does no damage. x2
The troll bites you. The troll claws you. x2
You closely miss the troll. The troll barely misses you. x2
The troll claws you!
You barely miss the troll. The troll bites you.
The troll claws you but does no damage. x2
Okay, then.
You aren't carrying any scrolls.
You hit the troll but do no damage. The troll bites you but does no damage.
The troll claws you but does no damage. The troll claws you!
* * * LOW HITPOINT WARNING * * *
You hit the troll.
The troll is lightly wounded.
The troll bites you!
You die...

.. ....... . #.#......
.##.#..... ##. ...... .# .
#.. #...##.# ....#. . ...
#..##..##.......
..##.###...:.)..........^.
#.....#.....@.............
#........##$.T...........#
#........#####.......$.T#
#.....#hT##§.##.....>..#
..........†...........#
.............##.......##
.....#..#...####..<....##
.....#.##..............?..
...# #......##............


You could see a troll.

Vanquished Creatures
  Edmund (D:4)
  A phantom (Temple)
  An orc priest (D:4)
  2 hounds
  Jessica (D:3)
  2 iguanas
  An orc wizard (D:4)
  Robin (D:3)
  6 adders
  A shadow imp (D:3)
  A worm (D:2)
  9 orcs
  3 bats
  7 endoplasms
  2 giant cockroaches
  11 goblins
  4 hobgoblins
  7 jackals
  A quokka (D:2)
  7 ball pythons
  2 frilled lizards
  6 kobolds
  2 rats
79 creatures vanquished.

Vanquished Creatures (others)
  A fungus (D:3)
1 creature vanquished.

Grand Total: 80 creatures vanquished

Notes
Turn   | Place    | Note
-------+----------+-------------------------------------------
     0 | D:1      | NateTC the Gargoyle Fighter began the quest for the Orb.
     0 | D:1      | Reached XP level 1. HP: 14/14 MP: 1/1
   356 | D:1      | Reached XP level 2. HP: 18/19 MP: 2/2
   457 | D:1      | Found Haatil's Distillery.
   892 | D:2      | Found Feghyaty's Antique Weapon Boutique.
   921 | D:2      | Reached XP level 3. HP: 14/24 MP: 3/3
  1358 | D:3      | Found a faded altar of an unknown god.
  1382 | D:3      | Reached skill level 4 in Shields
  1383 | D:3      | Noticed Robin
  1392 | D:3      | Killed Robin
  1393 | D:3      | Reached XP level 4. HP: 29/29 MP: 4/4
  1734 | D:3      | Noticed Jessica
  1744 | D:3      | Killed Jessica
  1745 | D:3      | Reached XP level 5. HP: 31/34 MP: 5/5
  2624 | D:4      | Reached XP level 6. HP: 21/40 MP: 6/6
  3006 | D:4      | Noticed Edmund
  3018 | D:4      | Killed Edmund
  3019 | D:4      | Reached skill level 5 in Shields
  3506 | D:5      | Entered Level 5 of the Dungeon
  3506 | D:5      | Found a staircase to the Ecumenical Temple.
  3521 | D:5      | Noticed a troll
  3532 | D:5      | Reached skill level 1 in Dodging
  3542 | D:5      | Reached XP level 7. HP: 22/44 MP: 7/7
  3554 | Temple   | Entered the Ecumenical Temple
  4237 | Temple   | Became a worshipper of Warmaster Okawaru
  4296 | D:5      | Slain by a troll

Illustrated notes

Levels and vault maps discovered:
D:1:      nicolae_arrival_somewhat_less_tricky_arrival, layout_loops_ring,
          serial_shops, shop, fountainhead, minmay_door_square, moated_statue
D:2:      layout_rooms, serial_shops, shop
D:3:      layout_basic, hellmonk_ecumenical_altar_slurped_away,
          uniq_crazy_yiuf_cottage, uniq_robin, uniq_jessica
D:4:      layout_basic, nicolae_figureground_pulse, uniq_edmund
D:5:      layout_cave_pools, minmay_temple_entry_offerings,
          portal_sewer_entry_e, minmay_hollow_rounded_squares
Temple:   mainiacjoe_temple_starburst

Skill      XL: |  1  2  3  4  5  6  7 |
---------------+----------------------+-----
Fighting       | 4 |  4.9
Shields        | 4 5 |  5.4
Armour         | 4 |  4.8
Maces & Flails | 3 4 |  4.2
Dodging        | 1 |  1.3

Action                     |  1- 3 |  4- 6 |  7- 9 || total
---------------------------+-------+-------+-------++-------
  Melee: Flail             |   111 |   177 |    27 ||   315
    Use: Scroll            |     4 |     4 |       ||     8
         Potion            |       |     1 |     3 ||     4
 Armour: Scale mail        |    50 |       |       ||    50
         Plate armour      |    30 |   201 |    57 ||   288
  Dodge: Dodged            |    44 |    70 |    18 ||   132
  Block: Buckler           |    19 |    49 |     8 ||    76

Table legend: (Time is in decaauts)
 A = Elapsed time spent in this place.
 B = Non-inter-level travel time spent in this place.
 C = Inter-level travel time spent in this place.
 D = Time resting spent in this place.
 E = Time spent auto-exploring this place.
 F = Levels seen in this place.
 G = Mean time per level.
                   A        B        C        D        E       F      G
               +--------+--------+--------+--------+--------+-----+--------+
         Total |   4392 |   4036 |    356 |    208 |   3138 |   6 |  732.0 |
       Dungeon |   3652 |   3401 |    251 |    119 |   2633 |   5 |  730.4 |
        Temple |    740 |    635 |    105 |     89 |    505 |   1 |  740.0 |
               +--------+--------+--------+--------+--------+-----+--------+

Top non-repeatable levels by time:
     D:4: 1176 daAuts
     D:3: 1133 daAuts
     D:1: 792 daAuts
  Temple: 740 daAuts
     D:2: 487 daAuts
     D:5: 63 daAuts
